 Dungeon Crawl Stone Soup version 0.31.0-11-ge490571c62 (webtiles) character file.

Game seed: 17790081036286310808

37 qw the Shooter (level 3, 0/20 HPs)
             Began as a Deep Elf Hunter on Feb 4, 2024.
             Frozen to death by an endoplasm (5 damage)
             ... on level 2 of the Dungeon.
             The game lasted 00:00:02 (1345 turns).

qw the Shooter (Deep Elf Hunter)                    Turns: 1345, Time: 00:00:03

Health: 0/20       AC:  3    Str: 10    XL:     3   Next: 23%
Magic:  5/5        EV: 12    Int: 13    God:
Gold:   101        SH:  0    Dex: 18    Spells: 2/2 levels left

rFire   . . .        a - +0 shortbow
rCold   . . .        (shield currently unavailable)
rNeg    . . .        c - +0 leather armour
rPois   .            (no helmet)
rElec   .            (no cloak)
rCorr   +            (no gloves)
SInv    .            (no boots)
Will    .....        (no amulet)
Stlth   ++           d - ring of resist corrosion
HPRegen 0.23/turn    (no ring)
MPRegen 0.09/turn

%: no passive effects
@: no status effects
A: no striking features
a: no special abilities


You were on level 2 of the Dungeon.
You visited 1 branch of the dungeon, and saw 2 of its levels.

You collected 101 gold pieces.


   Skills:
 - Level 1.5 Fighting
 + Level 6.8 Ranged Weapons
 - Level 2.4 Dodging
 - Level 1.2 Stealth


You had 2 spell levels left.
You didn't know any spells.
Your spell library was empty.

Inventory:

Hand Weapons
 a - a +0 shortbow (weapon)
Armour
 c - a +0 leather armour (worn)
Jewellery
 d - a ring of resist corrosion (left hand)
Potions
 b - a potion of heal wounds {unknown}
 g - a potion of curing {unknown}
 h - a potion of lignification {unknown}

Dungeon Overview and Level Annotations

Branches:
Dungeon (2/15)

Altars:


Message History

A kobold, a rat, an endoplasm and an adder come into view.
Found 11 gold pieces, 12 stones and a fizzy green potion.
You shoot an arrow. The arrow hits the rat.
You kill the rat!
The kobold shouts!
The endoplasm quivers.
The kobold throws a stone.
The stone hits you but does no damage.
You shoot an arrow. The arrow barely misses the endoplasm.
The kobold barely misses you.
You shoot an arrow. The arrow hits the kobold.
You kill the kobold!
The adder bites you.
You shoot an arrow. The arrow closely misses the adder.
The adder misses you. The endoplasm hits you.
You shoot an arrow. The arrow barely misses the adder.
The adder closely misses you. The endoplasm freezes you.
You are frozen.
You shoot an arrow. The arrow closely misses the adder.
The adder bites you. The endoplasm hits you. The adder bites you.
You shoot an arrow. The arrow misses the adder.
The adder barely misses you. The endoplasm hits you.
You shoot an arrow. The arrow barely misses the adder.
The adder bites you but does no damage. The endoplasm freezes you.
You are frozen.
The adder misses you.
You shoot an arrow. The arrow misses the adder.
The endoplasm closely misses you. The adder misses you.
You shoot an arrow. The arrow hits the adder.
The adder is moderately wounded.
The adder bites you but does no damage. The endoplasm closely misses you.
The adder misses you.
You shoot an arrow.
The arrow hits the adder but does no damage.
The adder is moderately wounded.
The endoplasm freezes you.
You are frozen.
The adder bites you. The endoplasm freezes you.
You are frozen.
You die...

########
#......######
##....@J.....#
#...#.#S'#.#.#
#.#...#..#
#.#.###..#
#######.#.%.#$(#
..........%.#!(#
###.####..######
#...####....#
#.#+#.......#.#++


You could see an adder and an endoplasm.

Vanquished Creatures
  A dart slug (D:2)
  A ribbon worm (D:2)
  3 endoplasms (D:1)
  2 giant cockroaches (D:1)
  2 goblins
  4 hobgoblins
  5 kobolds
  2 quokkas
  6 ball pythons
  2 frilled lizards
  3 rats
31 creatures vanquished.

Notes
Turn   | Place    | Note
-------+----------+-------------------------------------------
     0 | D:1      | qw the Deep Elf Hunter began the quest for the Orb.
     0 | D:1      | Reached XP level 1. HP: 12/12 MP: 3/3
     0 | D:1      | 0 ||| qw: Version: 0.3-a-160-g6735b56
     0 | D:1      | 0 ||| qw: Game counter: 4757
     0 | D:1      | 0 ||| qw: Melee chars always use a shield: true
     0 | D:1      | 0 ||| qw: God list: Okawaru
     0 | D:1      | 0 ||| qw: Allow faded altars: false
     0 | D:1      | 0 ||| qw: Do Orc after clearing Dungeon:15 true
     0 | D:1      | 0 ||| qw: Do second Lair branch before Depths: true
     0 | D:1      | 0 ||| qw: Lair rune preference: random
     0 | D:1      | 0 ||| qw: Goals: Normal
     0 | D:1      | 0 ||| PLANNING D:1-11
   279 | D:1      | Reached XP level 2. HP: 14/16 MP: 4/4
   280 | D:1      | Reached skill level 6 in Ranged Weapons
   900 | D:1      | 900 ||| UPGRADING to ring of resist corrosion.
   901 | D:1      | 901 ||| DROPPING ring of wizardry.
   902 | D:1      | 902 ||| READING 2 scrolls labelled DECRENAWKAM.
   903 | D:1      | 903 ||| DROPPING scroll of butterflies.
   904 | D:1      | 904 ||| DROPPING scroll of immolation.
  1130 | D:2      | Reached XP level 3. HP: 20/20 MP: 5/5
  1345 | D:2      | HP: 5/20 [adder (1)]
  1345 | D:2      | Frozen to death by an endoplasm

Levels and vault maps discovered:
D:1:      minmay_arrival_up_and_down, layout_basic, st_stairs_12
D:2:      layout_basic, minmay_mini_jars

Skill      XL: |  1  2 |
---------------+-------+-----
Ranged Weapons | 6 |  6.8
Fighting       | |  1.5
Dodging        | |  2.4
Stealth        | |  1.2

Action                     || total
---------------------------++-------
   Fire: Shortbow          ||    76
    Use: Scroll            ||     1
 Armour: Leather armour    ||    26
  Dodge: Dodged            ||    26

Table legend:
 A = Non-vault XP
 B = Vault XP
 C = Vault XP percentage of total XP
 D = Non-vault monster count
 E = Vault monster count
 F = Vault count percentage of total count
                 A         B        C        D         E       F
            +---------+---------+-------+---------+---------+-------
      Total |      44 |      10 |  18.5 |      26 |       5 |  16.1
            +---------+---------+-------+---------+---------+-------
        D:1 |      32 |       1 |   3.0 |      20 |       1 |   4.8
        D:2 |      12 |       9 |  42.9 |       6 |       4 |  40.0
            +---------+---------+-------+---------+---------+-------
